 Dungeon Crawl Stone Soup version 0.31.0-10-gcf4a605ca0 (webtiles) character file.

Game seed: 340003118519693055

721 Gadfly the Changeling (level 7, -1/52 HPs)
             Began as a Demonspawn Shapeshifter on Jan 26, 2024.
             Killed from afar by an orc wizard (7 damage)
             ... with a magic dart
             ... on level 4 of the Dungeon.
             The game lasted 00:08:03 (4767 turns).

Gadfly the Changeling (Demonspawn Shapeshifter)     Turns: 4767, Time: 00:08:04

Health: -1/52      AC:  2    Str: 17    XL:     7   Next: 42%
Magic:  7/7        EV: 18    Int: 10    God:
Gold:   171        SH:  0    Dex: 12    Spells: 3/6 levels left

rFire   . . .        b - +1 short sword (venom)
rCold   . . .        (no shield)
rNeg    . . .        a - +0 animal skin
rPois   .            (helmet currently unavailable)
rElec   .            e - melded scarf {harm}
rCorr   .            (gloves currently unavailable)
SInv    .            n - melded +0 pair of boots
Will    .....        (no amulet)
Stlth   +            h - +5 ring of evasion
HPRegen 0.28/turn    (no ring)
MPRegen 0.10/turn

%: no passive effects
@: beast-form
A: beast (slay +2), hooves 3
a: Begin Untransformation


You were on level 4 of the Dungeon.
You were a hulking beast.
You visited 2 branches of the dungeon, and saw 6 of its levels.

You collected 171 gold pieces.

Inventory:

Hand Weapons
 b - a +1 short sword of venom (weapon)
Armour
 a - a +0 animal skin (worn)
 e - a scarf of harm (melded)
 n - a +0 pair of boots (melded)
Jewellery
 h - a +5 ring of evasion (left hand)
Talismans
 c - a beast talisman (active)
 d - a flux talisman
 m - a serpent talisman
Wands
 f - a wand of paralysis (3)
 j - a wand of flame (11)
Scrolls
 g - a scroll of revelation
 i - 2 scrolls of fear
 k - a scroll of blinking
 p - 4 scrolls of teleportation
Potions
 l - 2 potions of curing
 o - a potion of resistance {unknown}
 q - a potion of lignification
 r - a potion of magic {unknown}


   Skills:
 + Level 3.1 Fighting
 + Level 3.8 Dodging
 + Level 3.9 Unarmed Combat
 * Level 4.0 Evocations
 * Level 4.1 Shapeshifting


You had 3 spell levels left.
You knew the following spells:

 Your Spells              Type           Power      Damage    Failure   Level
a - Sigil of Binding      Hex            0%         N/A       75%         3

Your spell library contained the following spells:

 Spells                   Type           Power      Damage    Failure   Level
 Slow                     Hex            0%         N/A       36%         1
 Mercury Vapours          Alch/Air       0%         N/A       50%         2
 Confusing Touch          Hex            0%         N/A       75%         3
 Mephitic Cloud           Conj/Alch/Air  0%         N/A       75%         3
 Vampiric Draining        Necr           0%         2d6       75%         3
 Freezing Cloud           Conj/Ice/Air   0%         6-21      100%        5
 Malign Gateway           Summ/Tloc      0%         N/A       100%        7
 Summon Horrible Things   Summ           0%         N/A       100%        8


Dungeon Overview and Level Annotations

Branches:
Dungeon (5/15)             Temple (1/1) D:5

Altars:
Ashenzari
Cheibriados
Dithmenos
Gozag
Hepliaklqana
Kikubaaqudgha
Makhleb
Nemelex Xobeh
Okawaru
Qazlal
Sif Muna
Trog
Uskayaw
Vehumet
Xom
Yredelemnul

Shops:
D:1 :


Innate Abilities, Weirdness & Mutations

You are a hulking beast.
Your limbs bulge with bestial killing power. (Slay +2)
You have hooves in place of feet.


Message History

The orc hits you with a +0 falchion.
The orc priest looks encouraged for a moment.
The orc wizard completely misses you.
You puncture the orc priest!
The orc priest is poisoned.
You kick the orc priest.
The orc priest is almost dead.
The orc barely misses you.
The orc priest looks encouraged for a moment.
The orc wizard misses you.
You hit the orc priest.
You kill the orc priest!
The orc completely misses you.
The orc wizard mumbles some strange words.
The orc wizard flickers and vanishes!
Deactivating autopickup; reactivate with Ctrl-A.
The orc hits you with a +0 falchion. Something closely misses you.
You see here a +0 whip.
You hit something. Your kick misses something. The orc barely misses you.
Something hits you.
* * * LOW HITPOINT WARNING * * *
You miss something. Your kick misses something. The orc barely misses you.
Something hits you.
* * * LOW HITPOINT WARNING * * *
You puncture the orc!
You kill the orc!
You hear some strange, mumbled words.
A magic dart appears from out of thin air!
The magic dart hits you!
* * * LOW HITPOINT WARNING * * *
Something hits you.
* * * LOW HITPOINT WARNING * * *
Things that are here:
a +0 falchion; an orc corpse Something barely misses you.
You barely miss something. You kick something. Something barely misses you.
You closely miss something. Your kick misses something.
You hear some strange, mumbled words.
A magic dart appears from out of thin air!
The magic dart hits you!
You die...

..........#.............#†.#...'.
..........+.............#..##..##
###+###...##............'..###'##
###.###...##.....##....##..#...'.
..#...#...#....<.####'###..#...#.
..#...'...##'######....#...#...#.
###..####'##...)>##....#...#.<.#.
.##..###..##...){##...###..###.##
.......#........h##...###..###.##
.......'.........#..........#....
###.##########[...#.........#....
###.#############...........#....
#..[.........#...........>..#....
#........†...#..............#....
######..###.##._8_....####'###..#
##.########.##.._..#####....#####
..........#.##.....# #......#


There were no monsters in sight!

Vanquished Creatures
  An ice beast (D:5)
  A phantom (D:4)
  A centaur (D:5)
  A howler monkey (D:5)
  3 hounds (D:5)
  2 orc priests
  Jessica (D:3)
  4 iguanas
  7 adders
  3 ribbon worms
  A dart slug (D:4)
  5 orcs
  6 endoplasms
  3 giant cockroaches
  2 goblins (D:1)
  8 hobgoblins
  7 jackals
  7 kobolds
  6 quokkas
  6 ball pythons
  6 bats
  12 frilled lizards
  9 rats
102 creatures vanquished.

Notes
Turn   | Place    | Note
-------+----------+-------------------------------------------
     0 | D:1      | Gadfly the Demonspawn Shapeshifter began the quest for the
                  | Orb.
     0 | D:1      | Reached XP level 1. HP: 15/15 MP: 1/1
   170 | D:1      | Gained mutation: You have large cloven feet. [demonic
                  | ancestry]
   170 | D:1      | Reached XP level 2. HP: 21/21 MP: 2/2
   227 | D:1      | Reached skill level 1 in Evocations
   256 | D:1      | You fall into a shaft and drop 1 floor!
   311 | D:1      | Reached XP level 3. HP: 18/26 MP: 3/3
   890 | D:1      | Found Gyog's Book Emporium.
  1203 | D:2      | Found a faded altar of an unknown god.
  2059 | D:2      | Reached XP level 4. HP: 33/33 MP: 4/4
  2482 | D:3      | Found an iron altar of Okawaru.
  2644 | D:3      | Noticed Jessica
  2654 | D:3      | Killed Jessica
  2655 | D:3      | Reached XP level 5. HP: 19/38 MP: 5/5
  2882 | D:3      | Identified the +2 cloak "Fameona" {+Inv rF- Int+2}
  3609 | D:4      | Found a broken altar of Ashenzari.
  3610 | D:4      | Found a shimmering blue altar of Sif Muna.
  3698 | D:4      | Found a hazy altar of Hepliaklqana.
  3725 | D:4      | Noticed a phantom
  3729 | D:4      | Found a stormy altar of Qazlal.
  3742 | D:4      | Killed a phantom
  3743 | D:4      | Gained mutation: You have hoof-like feet. [demonic
                  | ancestry]
  3743 | D:4      | Reached XP level 6. HP: 30/46 MP: 6/6
  4181 | D:5      | Entered Level 5 of the Dungeon
  4310 | D:5      | Noticed an ice beast
  4332 | D:5      | Killed an ice beast
  4474 | D:5      | Learned a level 3 spell: Sigil of Binding
  4483 | D:5      | Found a staircase to the Ecumenical Temple.
  4506 | D:5      | Gained mutation: You have hooves in place of feet. [demonic
                  | ancestry]
  4506 | D:5      | Reached XP level 7. HP: 38/51 MP: 7/7
  4520 | Temple   | Entered the Ecumenical Temple
  4767 | D:4      | Killed from afar by an orc wizard

Illustrated notes

Levels and vault maps discovered:
D:1:      sevenhm_arrival_forest_fort_small_4, layout_basic, serial_shops, shop,
          minmay_lizard_king
D:2:      minmay_wonky_spiral, layout_loops_ring, shapermc_ecumenical_altar_gd,
          uniq_crazy_yiuf_cottage
D:3:      layout_loops_ring, mainiacjoe_overflow_cross_hatched, okawaru_trees_2,
          grunt_decor_one_mirror, kennysheep_jessica_study
D:4:      layout_gridville, mainiacjoe_overflow_two_lobes,
          chequers_temple_overflow_statue_of_worship
D:5:      layout_gridville, minmay_temple_entry_tees
Temple:   hellmonk_temple_forest_ring

Skill      XL: |  1  2  3  4  5  6  7 |
---------------+----------------------+-----
Dodging        | 2 3 |  3.8
Evocations     | 1 2 3 4 |  4.0
Unarmed Combat | 3 |  3.9
Fighting       | 2 3 |  3.1
Shapeshifting  | 3 4 |  4.1

Action                     |  1- 3 |  4- 6 |  7- 9 || total
---------------------------+-------+-------+-------++-------
  Melee: Unarmed           |   148 |   113 |       ||   261
         Kick              |    20 |    31 |     8 ||    59
         Punch             |     4 |     2 |     1 ||     7
         Short sword       |       |    24 |    25 ||    49
Ability: Begin Untransform |       |     1 |       ||     1
    Use: Scroll            |     6 |     9 |       ||    15
   Stab: Sleeping          |     3 |     2 |       ||     5
 Armour: Animal skin       |    58 |    40 |    21 ||   119
  Dodge: Dodged            |    81 |    94 |    33 ||   208
   Form: Beast             |       |     1 |       ||     1
